[ AOE2 MATCH · #507164202 ]
UnrankedMaya vs Italians
Player's team · WIN
Rival team · LOSS
[ REPLAY ANALYSIS · EXTRACTED FROM THE RECORDED GAME ]
Feudal
10:16
Castle
18:51
Imperial
39:10
| APM avg | 66.7 |
| APM peak | 111 |
| eAPM avg | 33.9 |
| Villagers / military | 156 / 139 |
Focus
⚔️ 40.0% · 🌾 60.0%
Archer ×52 · Plumed Archer ×33 · Skirmisher ×20 · Eagle Scout ×14 · Trebuchet (Packed) ×8 · Monk ×5
Feudal
10:07
Castle
21:20
Imperial
37:03
| APM avg | 86.4 |
| APM peak | 141 |
| eAPM avg | 41.1 |
| Villagers / military | 105 / 99 |
Focus
⚔️ 43.7% · 🌾 56.3%
Archer ×79 · Bombard Cannon ×7 · Mangonel ×5 · Militia ×4 · Trebuchet (Packed) ×3 · Skirmisher ×1
Match map
Initial resources + every placement click. Lines = walls · curves = elevation contours. ◆ gold · ⬟ stone · ● berries · ✦ relic · ◌ wall gap
Your base· ✓ Closed at 18:51 · 35t walls · no gate
nW | iamkaito's base· Open — opponent sealed themselves in
Smoothed initial terrain · ◌ = detected wall gap · hover for details
Inputs per minute
— CNZS_迷你车仁 - - nW | iamkaito
Build order — CNZS_迷你车仁
First 150 of 464 actions detected
| 0:00 | Research | Loom |
| 0:02 | Build | House |
| 0:04 | Build | House |
| 0:12 | Queue | Villager (Male) |
| 0:12 | Queue | Villager (Male) |
| 0:16 | Queue | Villager (Male) |
| 0:17 | Queue | Villager (Male) |
| 1:25 | Build | Lumber Camp |
| 1:27 | Queue | Villager (Male) |
| 1:28 | Queue | Villager (Male) |
| 2:02 | Queue | Villager (Male) |
| 2:03 | Queue | Villager (Male) |
| 2:14 | Queue | Villager (Male) |
| 2:15 | Queue | Villager (Male) |
| 2:53 | Queue | Villager (Male) |
| 2:53 | Queue | Villager (Male) |
| 3:16 | Queue | Villager (Male) |
| 3:28 | Build | House |
| 3:47 | Queue | Villager (Male) |
| 3:47 | Queue | Villager (Male) |
| 4:07 | Queue | Villager (Male) |
| 4:07 | Queue | Villager (Male) |
| 4:16 | Build | Barracks |
| 4:32 | Queue | Villager (Male) |
| 4:32 | Queue | Villager (Male) |
| 5:01 | Queue | Villager (Male) |
| 5:09 | Build | House |
| 5:17 | Queue | Villager (Male) |
| 5:18 | Queue | Villager (Male) |
| 5:33 | Build | Mill |
| 5:36 | Queue | Militia |
| 5:54 | Queue | Villager (Male) |
| 5:54 | Queue | Villager (Male) |
| 6:08 | Queue | Militia |
| 6:08 | Queue | Militia |
| 6:26 | Queue | Villager (Male) |
| 6:55 | Build | House |
| 7:06 | Queue | Villager (Male) |
| 7:28 | Queue | Villager (Male) |
| 7:31 | Build | Mill |
| 8:06 | Research | Feudal Age |
| 8:33 | Build | Mining Camp |
| 9:07 | Build | Farm |
| 9:09 | Build | Farm |
| 9:28 | Build | House |
| 9:31 | Build | Palisade Wall |
| 9:38 | Build | Palisade Wall |
| 10:01 | Queue | Villager (Male) |
| 10:07 | Build | Farm |
| 10:15 | Queue | Villager (Male) |
| 10:16 | Age | Feudal Age |
| 10:19 | Research | Double-Bit Axe |
| 10:26 | Research | Horse Collar |
| 10:26 | Research | Horse Collar |
| 10:28 | Queue | Villager (Male) |
| 10:53 | Queue | Villager (Male) |
| 11:27 | Queue | Villager (Male) |
| 11:30 | Build | Farm |
| 11:31 | Build | Farm |
| 11:38 | Queue | Villager (Male) |
| 11:54 | Build | Archery Range |
| 11:59 | Queue | Villager (Male) |
| 12:16 | Build | Farm |
| 12:17 | Queue | Villager (Male) |
| 12:28 | Build | Farm |
| 12:30 | Build | Farm |
| 12:31 | Queue | Villager (Male) |
| 12:35 | Build | Farm |
| 12:40 | Queue | Archer |
| 12:40 | Queue | Archer |
| 12:49 | Queue | Villager (Male) |
| 12:50 | Queue | Archer |
| 13:16 | Build | Palisade Wall |
| 13:18 | Build | Farm |
| 13:21 | Queue | Villager (Male) |
| 13:22 | Build | House |
| 13:23 | Build | House |
| 13:24 | Build | House |
| 13:30 | Queue | Villager (Male) |
| 13:42 | Queue | Eagle Scout |
| 13:43 | Queue | Eagle Scout |
| 13:50 | Build | House |
| 14:09 | Build | Blacksmith |
| 14:20 | Build | House |
| 14:22 | Build | Palisade Wall |
| 14:26 | Queue | Archer |
| 14:35 | Build | Farm |
| 14:37 | Queue | Villager (Male) |
| 14:53 | Queue | Archer |
| 14:55 | Queue | Villager (Male) |
| 14:57 | Build | Farm |
| 15:11 | Build | Farm |
| 15:30 | Queue | Archer |
| 15:45 | Build | Farm |
| 15:48 | Queue | Archer |
| 15:53 | Build | Farm |
| 16:11 | Research | Castle Age |
| 16:16 | Queue | Archer |
| 16:47 | Research | Fletching |
| 16:47 | Research | Fletching |
| 16:56 | Queue | Archer |
| 16:59 | Queue | Eagle Scout |
| 16:59 | Queue | Eagle Scout |
| 16:59 | Queue | Eagle Scout |
| 17:09 | Build | Archery Range |
| 17:24 | Queue | Eagle Scout |
| 17:25 | Queue | Eagle Scout |
| 17:26 | Research | Scale Mail Armor |
| 17:26 | Research | Scale Mail Armor |
| 18:17 | Queue | Archer |
| 18:23 | Queue | Eagle Scout |
| 18:24 | Queue | Eagle Scout |
| 18:25 | Build | Archery Range |
| 18:30 | Research | Gold Mining |
| 18:30 | Research | Gold Mining |
| 18:51 | Age | Castle Age |
| 18:53 | Queue | Villager (Male) |
| 18:54 | Research | Crossbowman (upgrade) |
| 18:59 | Research | Bodkin Arrow |
| 18:59 | Research | Bodkin Arrow |
| 19:08 | Build | Town Center |
| 19:21 | Queue | Villager (Male) |
| 19:21 | Queue | Villager (Male) |
| 19:25 | Queue | Archer |
| 19:25 | Queue | Archer |
| 19:26 | Queue | Archer |
| 19:26 | Queue | Archer |
| 19:49 | Research | Padded Archer Armor |
| 19:49 | Research | Padded Archer Armor |
| 19:58 | Queue | Villager (Male) |
| 19:58 | Queue | Villager (Male) |
| 20:05 | Queue | Villager (Male) |
| 20:06 | Queue | Archer |
| 20:07 | Queue | Archer |
| 20:07 | Queue | Archer |
| 20:21 | Queue | Villager (Male) |
| 20:29 | Queue | Villager (Male) |
| 20:47 | Build | Town Center |
| 20:57 | Queue | Villager (Male) |
| 20:57 | Queue | Villager (Male) |
| 21:03 | Queue | Archer |
| 21:03 | Queue | Archer |
| 21:10 | Queue | Archer |
| 21:11 | Queue | Archer |
| 21:18 | Queue | Villager (Male) |
| 21:25 | Research | Bow Saw |
| 21:35 | Build | House |
| 21:36 | Build | House |
| 21:57 | Queue | Villager (Male) |
| 22:00 | Queue | Villager (Male) |
Build order — nW | iamkaito
First 150 of 329 actions detected
| 0:00 | Queue | Villager (Male) |
| 0:02 | Build | House |
| 0:03 | Build | House |
| 0:13 | Queue | Villager (Male) |
| 0:17 | Queue | Villager (Male) |
| 0:18 | Queue | Villager (Male) |
| 1:28 | Queue | Villager (Male) |
| 2:01 | Queue | Villager (Male) |
| 2:01 | Queue | Villager (Male) |
| 2:27 | Queue | Villager (Male) |
| 3:01 | Queue | Villager (Male) |
| 3:01 | Queue | Villager (Male) |
| 3:28 | Queue | Villager (Male) |
| 3:55 | Queue | Villager (Male) |
| 3:58 | Queue | Villager (Male) |
| 4:02 | Build | Lumber Camp |
| 4:14 | Queue | Villager (Male) |
| 4:37 | Build | House |
| 4:45 | Research | Loom |
| 4:56 | Queue | Villager (Male) |
| 5:08 | Build | House |
| 5:36 | Queue | Villager (Male) |
| 5:51 | Queue | Villager (Male) |
| 6:28 | Queue | Villager (Male) |
| 6:28 | Queue | Villager (Male) |
| 6:53 | Build | Mill |
| 7:07 | Build | Palisade Wall |
| 7:22 | Queue | Villager (Male) |
| 7:57 | Research | Feudal Age |
| 8:06 | Build | Barracks |
| 8:36 | Queue | Militia |
| 8:36 | Queue | Militia |
| 8:36 | Queue | Militia |
| 9:34 | Queue | Militia |
| 9:40 | Build | Mining Camp |
| 10:07 | Age | Feudal Age |
| 10:10 | Queue | Villager (Male) |
| 10:16 | Build | Archery Range |
| 10:29 | Queue | Villager (Male) |
| 10:45 | Queue | Villager (Male) |
| 10:49 | Build | House |
| 10:51 | Queue | Villager (Male) |
| 10:52 | Build | House |
| 10:57 | Queue | Villager (Male) |
| 10:57 | Queue | Villager (Male) |
| 11:01 | Build | Palisade Wall |
| 11:03 | Build | Palisade Wall |
| 11:09 | Queue | Villager (Male) |
| 11:09 | Queue | Villager (Male) |
| 11:12 | Build | Palisade Wall |
| 11:13 | Build | Palisade Wall |
| 11:25 | Build | Farm |
| 11:47 | Queue | Archer |
| 11:54 | Build | Mill |
| 12:09 | Queue | Villager (Male) |
| 12:15 | Queue | Villager (Male) |
| 12:34 | Build | Palisade Wall |
| 12:38 | Build | Palisade Wall |
| 12:40 | Queue | Villager (Male) |
| 12:50 | Queue | Archer |
| 12:56 | Build | House |
| 12:59 | Build | Palisade Wall |
| 13:03 | Queue | Villager (Male) |
| 13:15 | Build | Farm |
| 13:19 | Build | House |
| 13:23 | Queue | Villager (Male) |
| 13:23 | Queue | Villager (Male) |
| 13:32 | Queue | Archer |
| 13:32 | Queue | Archer |
| 13:43 | Queue | Archer |
| 13:43 | Queue | Archer |
| 14:21 | Build | Blacksmith |
| 14:38 | Build | Farm |
| 14:53 | Build | Farm |
| 14:54 | Queue | Villager (Male) |
| 14:56 | Build | House |
| 15:00 | Queue | Archer |
| 15:03 | Research | Fletching |
| 15:05 | Queue | Villager (Male) |
| 15:23 | Build | Farm |
| 15:32 | Queue | Archer |
| 15:43 | Build | Farm |
| 15:48 | Build | House |
| 15:57 | Queue | Archer |
| 16:03 | Build | Farm |
| 16:05 | Queue | Villager (Male) |
| 16:05 | Queue | Villager (Male) |
| 16:09 | Research | Padded Archer Armor |
| 16:09 | Research | Padded Archer Armor |
| 16:28 | Queue | Archer |
| 16:39 | Queue | Villager (Male) |
| 16:43 | Build | Palisade Wall |
| 16:53 | Queue | Skirmisher |
| 16:56 | Build | Farm |
| 16:58 | Build | Farm |
| 16:58 | Queue | Villager (Male) |
| 17:02 | Queue | Archer |
| 17:07 | Queue | Villager (Male) |
| 17:29 | Build | Archery Range |
| 18:04 | Queue | Villager (Male) |
| 18:24 | Build | Farm |
| 18:29 | Build | Farm |
| 18:40 | Research | Castle Age |
| 18:48 | Build | Lumber Camp |
| 18:51 | Build | Farm |
| 18:52 | Build | Farm |
| 18:56 | Build | Watch Tower |
| 19:06 | Build | House |
| 19:07 | Build | House |
| 19:12 | Build | Lumber Camp |
| 19:22 | Build | House |
| 19:31 | Research | Gold Mining |
| 19:31 | Research | Gold Mining |
| 19:39 | Build | Palisade Wall |
| 19:58 | Build | House |
| 20:00 | Build | House |
| 20:15 | Queue | Archer |
| 20:15 | Queue | Archer |
| 20:18 | Queue | Villager (Male) |
| 20:51 | Build | Lumber Camp |
| 20:52 | Queue | Archer |
| 20:53 | Queue | Archer |
| 21:01 | Build | Palisade Wall |
| 21:02 | Build | Palisade Wall |
| 21:03 | Build | Palisade Wall |
| 21:20 | Age | Castle Age |
| 21:23 | Research | Crossbowman (upgrade) |
| 21:31 | Build | University |
| 21:55 | Queue | Villager (Male) |
| 22:11 | Research | Ballistics |
| 22:11 | Research | Ballistics |
| 22:13 | Queue | Villager (Male) |
| 22:18 | Queue | Archer |
| 22:19 | Queue | Archer |
| 22:19 | Queue | Archer |
| 22:59 | Build | House |
| 23:05 | Queue | Villager (Male) |
| 23:05 | Queue | Villager (Male) |
| 23:12 | Queue | Villager (Male) |
| 23:15 | Queue | Archer |
| 23:15 | Queue | Archer |
| 23:17 | Queue | Archer |
| 23:20 | Research | Double-Bit Axe |
| 23:25 | Build | House |
| 23:27 | Build | Palisade Wall |
| 23:33 | Queue | Villager (Male) |
| 23:35 | Queue | Archer |
| 23:41 | Build | Farm |
| 23:46 | Build | Farm |
| 23:48 | Build | Farm |
Match timeline
| 4:16 | CNZS_迷你车仁 · first_building Barracks |
| 7:07 | nW | iamkaito · wall_segment Palisade Wall x4 |
| 8:06 | nW | iamkaito · first_building Barracks |
| 9:31 | CNZS_迷你车仁 · wall_segment Palisade Wall x14 |
| 9:38 | CNZS_迷你车仁 · wall_segment Palisade Wall x9 |
| 10:07 | nW | iamkaito · age_up feudal |
| 10:16 | nW | iamkaito · first_building Archery Range |
| 10:16 | CNZS_迷你车仁 · age_up feudal |
| 11:01 | nW | iamkaito · wall_segment Palisade Wall x1 |
| 11:03 | nW | iamkaito · wall_segment Palisade Wall x1 |
| 11:12 | nW | iamkaito · wall_segment Palisade Wall x1 |
| 11:13 | nW | iamkaito · wall_segment Palisade Wall x1 |
| 11:54 | CNZS_迷你车仁 · first_building Archery Range |
| 12:34 | nW | iamkaito · wall_segment Palisade Wall x2 |
| 12:38 | nW | iamkaito · wall_segment Palisade Wall x7 |
| 12:59 | nW | iamkaito · wall_segment Palisade Wall x8 |
| 13:16 | CNZS_迷你车仁 · wall_segment Palisade Wall x5 |
| 14:22 | CNZS_迷你车仁 · wall_segment Palisade Wall x7 |
| 16:43 | nW | iamkaito · wall_segment Palisade Wall x1 |
| 18:51 | CNZS_迷你车仁 · age_up castle |
| 19:39 | nW | iamkaito · wall_segment Palisade Wall x9 |
| 21:01 | nW | iamkaito · wall_segment Palisade Wall x1 |
| 21:02 | nW | iamkaito · wall_segment Palisade Wall x1 |
| 21:03 | nW | iamkaito · wall_segment Palisade Wall x1 |
| 21:20 | nW | iamkaito · age_up castle |
| 22:46 | CNZS_迷你车仁 · first_building Siege Workshop |
| 23:07 | CNZS_迷你车仁 · first_building Monastery |
| 23:27 | nW | iamkaito · wall_segment Palisade Wall x2 |
| 25:02 | nW | iamkaito · first_building Siege Workshop |
| 28:53 | nW | iamkaito · first_market_sell 100 wood |
| 28:54 | nW | iamkaito · first_market_buy 100 stone |
| 29:10 | CNZS_迷你车仁 · wall_segment Stone Wall x6 |
| 30:39 | CNZS_迷你车仁 · first_building Castle |
| 33:07 | CNZS_迷你车仁 · wall_segment Stone Wall x1 |
| 33:25 | nW | iamkaito · first_building Monastery |
| 35:29 | nW | iamkaito · wall_segment Palisade Wall x1 |
| 35:42 | nW | iamkaito · wall_segment Palisade Wall x1 |
| 35:59 | CNZS_迷你车仁 · first_market_buy 100 food |
| 37:03 | nW | iamkaito · age_up imperial |
| 37:12 | nW | iamkaito · first_building Castle |
| 39:10 | CNZS_迷你车仁 · age_up imperial |
| 41:56 | nW | iamkaito · resign |
[ AI ANALYSIS · 1 CREDIT ]
What really happened in this match?
Wolo.gg analyzes every decision: build order, eco, micro, common mistakes by bracket. Personalized analysis on WhatsApp or Discord in 30 seconds.
Civ guide
Maya
Perfil
Jugador #5036165